 Dungeon Crawl Stone Soup version 0.26-a0-1184-g95e395e029 (webtiles) character file.

Game seed: 16427506585830340348

70 uibert the Firebug (level 4, 30/30 HPs)
             Began as a Demonspawn Fire Elementalist on Dec 27, 2020.
             Quit the game on level 2 of the Dungeon.
             The game lasted 00:04:48 (2144 turns).

uibert the Firebug (Demonspawn Fire Elementalist)   Turns: 2144, Time: 00:04:49

Health: 30/30      AC:  2    Str: 10    XL:     4   Next: 3%
Magic:  4/7        EV: 12    Int: 16    God:
Gold:   107        SH:  0    Dex: 13    Spells: 6/7 levels left

rFire    . . .     SeeInvis .   f - +0 short sword
rCold    . . .     Faith    .   (no shield)
rNeg     . . .     Spirit   .   a - +0 robe
rPois    .         Reflect  .   (helmet restricted)
rElec    .         Harm     .   (no cloak)
rCorr    .         Rampage  .   (no gloves)
Will     .....                  (no boots)
Stlth    ++........             (no amulet)
HPRegen  0.10/turn              (no ring)
MPRegen  0.10/turn              (no ring)

@: no status effects
A: claws 1, horns 1
a: no special abilities


You were on level 2 of the Dungeon.
You visited 1 branch of the dungeon, and saw 2 of its levels.

You collected 107 gold pieces.

Inventory:

Hand Weapons
 b - a +0 club
 f - a +0 short sword (weapon)
Missiles
 g - 21 poisoned darts (quivered)
Armour
 a - a +0 robe (worn)
Scrolls
 c - a scroll of enchant armour
 d - a scroll of immolation
 e - a scroll of remove curse {unknown}
 i - a scroll of teleportation {unknown}
Potions
 h - a potion of cancellation
 j - a potion of ambrosia {unknown}


   Skills:
 - Level 1.7 Dodging
 - Level 1.7 Stealth
 - Level 2.0 Spellcasting
 - Level 1.0 Conjurations
 + Level 4.5 Fire Magic


You had 6 spell levels left.
You knew the following spells:

 Your Spells              Type           Power        Failure   Level
a - Foxfire               Conj/Fire      40%          7%          1

Your spell library contained the following spells:

 Spells                   Type           Power        Failure   Level
 Conjure Flame            Conj/Fire      10%          21%         3
 Inner Flame              Hex/Fire       8%           24%         3
 Sticky Flame             Conj/Fire      10%          54%         4
 Fireball                 Conj/Fire      5%           88%         5


Dungeon Overview and Level Annotations

Branches:
Dungeon (2/15)

Altars:


Innate Abilities, Weirdness & Mutations

You have sharp fingernails.
You have a pair of small horns on your head.


Message History

Confirm with . or Enter, or press ? or * to list all spells.
You conjure some foxfire!
The foxfire hits the goblin.
The goblin is moderately wounded.
You completely miss the goblin.
The goblin is moderately wounded.
The foxfire hits the goblin.
You kill the goblin!
Casting: Foxfire (safe; 7% risk of failure)
Confirm with . or Enter, or press ? or * to list all spells.
You conjure some foxfire!
Your foxfire dissipates!
An adder and a hobgoblin come into view.
The foxfire hits the ufetubus.
The ufetubus is lightly wounded.
The ufetubus barely misses you.
The ufetubus hits you but does no damage.
The hobgoblin moves out of view.
You see here a cursed -2 dagger.
Okay, then.
Are you sure you want to abandon this character and quit the game? (Confirm with "yes".)

....... ....... ..S....
### ....... #.# .......
#.# ##### ....... #.#
#....
.......#####.#######.###
......5@............
........####.#######
...............###
........####.....#
........###......#
.......##...#....#
#.(....##.####)..#
#####.......##...##
#.###.#.# #....##


You could see an adder and an ufetubus.

Vanquished Creatures
  2 adders (D:2)
  A worm (D:2)
  2 dart slugs (D:1)
  3 leopard geckos
  A ball python (D:1)
  6 bats
  2 giant cockroaches
  5 goblins
  7 hobgoblins (D:1)
  2 frilled lizards (D:1)
  4 kobolds
  6 rats
41 creatures vanquished.

Vanquished Creatures (others)
  105 foxfires
105 creatures vanquished.

Grand Total: 146 creatures vanquished

Notes
Turn   | Place    | Note
-------+----------+-------------------------------------------
     0 | D:1      | uibert the Demonspawn Fire Elementalist began the quest for
                  | the Orb.
     0 | D:1      | Reached XP level 1. HP: 13/13 MP: 3/3
   108 | D:1      | Reached skill level 3 in Fire Magic
   320 | D:1      | Gained mutation: You have sharp fingernails. [demonic
                  | ancestry]
   320 | D:1      | Reached XP level 2. HP: 12/19 MP: 1/5
  1096 | D:1      | Reached XP level 3. HP: 24/24 MP: 2/6
  1741 | D:2      | Reached skill level 4 in Fire Magic
  2058 | D:2      | Gained mutation: You have a pair of small horns on your
                  | head. [demonic ancestry]
  2058 | D:2      | Reached XP level 4. HP: 30/30 MP: 2/7
  2144 | D:2      | Quit the game

Illustrated notes

Levels and vault maps discovered:
D:1:      nagdon_arrival_double_spiral, layout_basic
D:2:      layout_rooms, uniq_natasha, uniq_crazy_yiuf_cottage

Skill      XL: |  1  2  3 |
---------------+----------+-----
Fire Magic     | 3 4 |  4.5
Dodging        | |  1.7
Stealth        | |  1.7
Spellcasting   | |  2.0
Conjurations   | |  1.0

Action                   |  1- 3 |  4- 6 || total
-------------------------+-------+-------++-------
Melee: Club              |     6 |       ||     6
       Unarmed           |     1 |       ||     1
       Short sword       |    23 |     1 ||    24
 Cast: Foxfire           |    71 |     3 ||    74
  Use: Potion            |     2 |       ||     2
       Scroll            |     2 |       ||     2
Armor: Robe              |     8 |     1 ||     9
Dodge: Dodged            |    31 |     1 ||    32

Table legend: (Time is in decaauts)
 A = Elapsed time spent in this place.
 B = Non-inter-level travel time spent in this place.
 C = Inter-level travel time spent in this place.
 D = Time resting spent in this place.
 E = Time spent auto-exploring this place.
 F = Levels seen in this place.
 G = Mean time per level.
                   A        B        C        D        E       F      G
               +--------+--------+--------+--------+--------+-----+--------+
         Total |   2146 |   2086 |     60 |    186 |   1505 |   2 | 1073.0 |
       Dungeon |   2146 |   2086 |     60 |    186 |   1505 |   2 | 1073.0 |
               +--------+--------+--------+--------+--------+-----+--------+

Top non-repeatable levels by time:
     D:1: 1739 daAuts
     D:2: 407 daAuts
